 Dungeon Crawl Stone Soup version 0.20-a0-11-ga97c7b5 (webtiles) character file.

48837 dobroeutro the Basher (level 14, -33/82 HPs)
             Began as a Gargoyle Fighter on Nov 2, 2016.
             Was the Champion of Okawaru.
             Killed from afar by namnharef's ghost (35 damage)
             ... with an orb of energy
             ... on level 1 of the Orcish Mines.
             The game lasted 00:33:40 (20303 turns).

dobroeutro the Basher (Gargoyle Fighter)           Turns: 20303, Time: 00:33:42

Health: -33/82     AC: 31    Str: 26      XL:     14   Next: 48%
Magic:  14/14      EV: 11    Int: 12 (13) God:    Okawaru [******]
Gold:   1220       SH: 15    Dex:  9 (10) Spells: 0 memorised, 13 levels left

rFire  . . .     SeeInvis .     s - +5 club
rCold  . . .     Gourm    .     L - +0 chain mail
rNeg   + + .     Faith    .     c - +0 shield
rPois  ∞         Spirit   .     Q - +0 helmet "Vyrul" {rPois rN+ Int+2 Stlth-}
rElec  +         Reflect  +     D - +1 cloak
rCorr  .         Harm     .     a - +1 pair of gloves {archery}
MR     +....                    F - +0 pair of boots
Stlth  ..........               I - +4 amulet of reflection
                                (no ring)
                                M - +6 ring of slaying

@: no status effects
A: big wings, claws 1, hooves 1, clever 1, deterioration 1, frail 1, negative
energy resistance 1, shaggy fur 1, electricity resistance, strong 1,
unbreathing, evolution 1, petrification resistance, rot immunity, subdued magic
1, AC +9
a: Fly, Heroism, Finesse, Renounce Religion


You were on level 1 of the Orcish Mines.
You worshipped Okawaru.
Okawaru was exalted by your worship.
You were very hungry.

You visited 4 branches of the dungeon, and saw 19 of its levels.
You also visited: Sewer.

You collected 1220 gold pieces.

Inventory:

Hand Weapons
 s - a +5 club (weapon)
 B - a +0 morningstar
Armour
 a - a +1 pair of gloves of archery (worn)
 c - a +0 shield (worn)
 D - a +1 cloak (worn)
 F - a +0 pair of boots (worn)
 L - a +0 chain mail (worn)
 Q - the +0 helmet "Vyrul" (worn) {rPois rN+ Int+2 Stlth-}
   (You found it on level 4 of the Lair of Beasts)

   It affects your intelligence (+2).
   It protects you from poison.
   It protects you from negative energy.
   It makes you less stealthy.
 V - the +1 chain mail "Satat" {rPois rC- rCorr Dex+8}
   (You found it on level 1 of the Lair of Beasts)

   It affects your dexterity (+8).
   It makes you vulnerable to cold.
   It protects you from poison.
   It protects you from acid and corrosion.
Jewellery
 w - an uncursed ring of resist corrosion
 I - a +4 amulet of reflection (around neck)
 M - a +6 ring of slaying (left hand)
 Z - an uncursed ring of ice
Wands
 T - a wand of lightning (8/15)
 U - a wand of teleportation (0/9)
Scrolls
 e - 5 scrolls of identify
 q - 2 scrolls of blinking
 u - 3 scrolls of enchant armour
 x - a scroll of fear
 y - 6 scrolls of remove curse
 H - 3 scrolls of enchant weapon
 J - a scroll of fog
 O - 7 scrolls of magic mapping
 S - 4 scrolls of teleportation
Potions
 d - 3 potions of might
 i - 5 potions of flight
 l - 4 potions of lignification
 m - 2 potions of brilliance
 n - 3 potions of agility
 p - 4 potions of heal wounds
 t - 2 potions of curing
 v - a potion of cancellation
 A - 3 potions of resistance
 E - a potion of cure mutation
 K - a potion of invisibility
 P - 2 potions of haste
 W - a potion of magic
 X - a potion of berserk rage
Books
 C - a book of Necromancy

   Spells                             Type                      Level
   a - Pain                           Necromancy                   1
   b - Animate Skeleton               Necromancy                   1
   c - Vampiric Draining              Necromancy                   3
   d - Regeneration                   Charms/Necromancy            3
   e - Animate Dead                   Necromancy                   4
   f - Control Undead                 Necromancy                   4
Comestibles
 f - 13 bread rations
 g - 7 meat rations
 h - 5 slices of pizza
 o - a beef jerky
 z - 2 royal jellies
 G - 35 fruits


   Skills:
 + Level 12.3 Fighting
 + Level 14.4 Maces & Flails
 + Level 12.1 Armour
 + Level 9.4 Dodging
 - Level 8.2 Shields


You had 13 spell levels left.
You didn't know any spells.

Dungeon Overview and Level Annotations

Branches:
Dungeon (11/15)            Temple (1/1) D:7            Lair (6/6) D:11
  Swamp (0/4) Lair:3        Snake (0/4) Lair:3        Slime (0/5) Lair:6
    Orc (1/2) D:9

Altars:
Ashenzari
Cheibriados
Dithmenos
Elyvilon
Fedhas
Gozag
Hepliaklqana
Kikubaaqudgha
Makhleb
Nemelex Xobeh
Okawaru
Qazlal
Ru
Sif Muna
Uskayaw
Vehumet
Xom
Yredelemnul
Zin
Beogh
Jiyva

Annotations:
D:8 2 runed doors
Lair:5 exclusion: oklob plant
Orc:1 namnharef's ghost, journeyman HEFE


Innate Abilities, Weirdness & Mutations

You are resistant to torment.
Your stone body is resilient. (AC +9)
You are immune to poison.
Your large and strong wings let you fly indefinitely.
You resist negative energy. (rN+)
You are resistant to electric shocks. (rElec)
You can survive without breathing.
You are immune to petrification.
You are immune to rotting.
You have sharp fingernails.
You have large cloven feet.
Your mind is acute. (Int +2)
Your body sometimes deteriorates upon taking damage.
You are frail. (-10% HP)
You are covered in fur. (AC +1)
Your muscles are strong. (Str +2)
You evolve.
Your spells are a little easier to cast, but a little less powerful.


Message History

a long sword; a plate armour; a shield; an orc corpse You are covered in liquid flames!
An orc and an orc priest come into view.
You are covered in liquid flames!
The orc priest invokes the aid of Beogh against you.
Beogh smites you!
Your body deteriorates!
You feel dopey.
Namnharef's ghost shouts, "You will join me soon!"
You are covered in liquid flames!
The orc priest calls down the wrath of Beogh upon you.
Beogh smites you!
* * * LOW HITPOINT WARNING * * *
You are feeling very hungry.
The orc priest mumbles some strange prayers to Beogh against you.
Beogh smites you!
* * * LOW HITPOINT WARNING * * *
You hear a shout!
Namnharef's ghost points at you and mumbles some strange words.
The orb of energy hits you!
You die...

..$.. ...... #....##.....#
##...#......# ##### #...o...
..# #.#.## ##.....o##.#
##....### .##......$##
###....<#.##
...........###..........#
.#....)...o##)).........##
.#..§§#.....o.W.@........##
....§##....>o))....#......###
....#.##.........##......##.##
.$.$####.........###.#.......#
....#..#.........# ##[...##.##
#+#..............###)))...###
+.......###.....#......#.##
#......## ##..........#...#
...#......# ##......#...#..##


You could see an orc priest, an orc wizard, namnharef's ghost and an orc.

Vanquished Creatures
  An orc warlord (Orc:1)
  Erolcha (D:9)
  2 hydras
  A death yak (Lair:4)
  An unseen horror (D:11)
  A hill giant (D:10)
  Pikel (D:3)
  A cyclops (D:11)
  2 wolf spiders (Lair:6)
  2 deep elf magi (D:8)
  An ugly thing (D:11)
  The ghost of dobroeutro the Cudgeler, a novice GrFi of Okawaru (D:6)
  A guardian serpent (Lair:6)
  5 elephants
  7 black mambas
  2 gargoyles
  16 spiny frogs
  A rime drake (Lair:4)
  9 komodo dragons
  A polar bear (Lair:3)
  3 hornets
  A two-headed ogre (D:11)
  2 trolls
  19 blink frogs
  5 hippogriffs
  3 redbacks
  Sigmund (D:2)
  A shadow (D:11)
  3 spriggans
  42 yaks
  11 wyverns
  10 basilisks
  2 steam dragons (Lair:6)
  5 mottled dragons (Lair:6)
  4 swamp worms (Lair:3)
  10 water moccasins
  8 orc warriors
  6 porcupines
  3 sky beasts
  4 ice beasts
  3 black bears
  A phantom (D:6)
  12 wolves
  6 ogres
  4 centaurs
  14 crocodiles
  2 big kobolds
  18 bullfrogs
  Blork the orc (D:6)
  A gnoll sergeant (D:7)
  A wyvern zombie (D:10)
  5 scorpions
  6 killer bees
  8 wights
  4 howler monkeys
  An electric eel (Lair:3)
  5 crimson imps
  A centaur zombie (D:8)
  10 hounds
  A quasit (D:10)
  18 orc priests
  A jelly (D:8)
  13 orc wizards
  2 bullfrog skeletons
  2 centaur skeletons
  Ijyb (D:2)
  Natasha (thrice) (D:2)
  7 iguanas
  A hell rat (D:11)
  12 worker ants
  A hound zombie (D:7)
  A hound skeleton (D:6)
  2 worker ant zombies
  12 gnolls
  3 river rats
  22 adders
  2 shadow imps
  2 oozes
  An adder zombie (D:6)
  2 adder skeletons
  A worm (D:2)
  3 dart slugs
  5 leopard geckos
  65 orcs
  A ball python (D:5)
  8 bats
  11 giant cockroaches
  7 hobgoblins
  14 jackals
  5 quokkas
  11 frilled lizards
  3 goblins
  2 jackal zombies
  18 kobolds
  A quokka skeleton (D:4)
  8 rats
575 creatures vanquished.

Vanquished Creatures (collateral kills)
  A bullfrog (Lair:4)
1 creature vanquished.

Vanquished Creatures (others)
  A slave (D:4)
  2 centaurs
  A bullfrog skeleton (D:4)
  A leopard gecko (D:3)
  An orc (D:9)
  18 fungi
  15 plants
39 creatures vanquished.

Grand Total: 615 creatures vanquished

Notes
Turn   | Place    | Note
-------+----------+-------------------------------------------
     0 | D:1      | dobroeutro the Gargoyle Fighter began the quest for the Orb.
     0 | D:1      | Reached XP level 1. HP: 14/14 MP: 1/1
    66 | D:1      | Reached XP level 2. HP: 13/19 MP: 2/2
   117 | D:1      | Reached skill level 3 in Maces & Flails
   259 | D:1      | Reached XP level 3. HP: 20/23 MP: 3/3
   898 | D:2      | Reached skill level 4 in Maces & Flails
   912 | D:2      | Noticed Ijyb
   935 | D:2      | Killed Ijyb
   935 | D:2      | Reached XP level 4. HP: 23/28 MP: 4/4
  1174 | D:2      | Noticed Natasha
  1181 | D:2      | Killed Natasha
  1181 | D:2      | Reached skill level 5 in Maces & Flails
  1181 | D:2      | Reached XP level 5. HP: 25/32 MP: 5/5
  1280 | D:2      | Noticed Natasha
  1289 | D:2      | Killed Natasha
  1497 | D:2      | Noticed Natasha
  1503 | D:2      | Killed Natasha
  1511 | D:2      | Noticed Sigmund
  1534 | D:2      | Killed Sigmund
  1534 | D:2      | Reached skill level 6 in Maces & Flails
  1534 | D:2      | Reached XP level 6. HP: 23/37 MP: 6/6
  1654 | D:3      | Found a deep blue altar of Sif Muna.
  2305 | D:3      | Reached skill level 7 in Maces & Flails
  2601 | D:4      | Found a shimmering altar of Xom.
  2610 | D:4      | Reached XP level 7. HP: 40/41 MP: 7/7
  2654 | D:4      | Found a glowing drain.
  2693 | D:4      | Noticed Pikel
  2928 | D:3      | Killed Pikel
  2928 | D:3      | Reached skill level 9 in Maces & Flails
  2928 | D:3      | Reached XP level 8. HP: 39/46 MP: 8/8
  2947 | D:4      | HP: 2/46 [orc/morningstar (3)]
  2984 | Sewer    | Entered a sewer
  3324 | Sewer    | Found a white marble altar of Elyvilon.
  3975 | D:4      | Reached skill level 10 in Maces & Flails
  4136 | D:5      | Entered Level 5 of the Dungeon
  4573 | D:5      | Gained mutation: Your muscles are strong. (Str +2) [mutagenic meat]
  4574 | D:5      | Gained mutation: Your spells are a little easier to cast, but a little less powerful. [mutagenic meat]
  4575 | D:5      | Gained mutation: You expend magic power (3 MP) to strengthen your wands. [mutagenic meat]
  4577 | D:5      | Gained mutation: You are frail. (-10% HP) [mutagenic meat]
  4784 | D:6      | Noticed Blork the orc
  4802 | D:6      | HP: 2/42 [Blork the orc/puff of flame (14)]
  5020 | D:5      | Reached skill level 1 in Dodging
  5123 | D:5      | Reached XP level 9. HP: 36/46 MP: 9/9
  5217 | D:6      | Killed Blork the orc
  5532 | D:6      | Found a stormy altar of Qazlal.
  5630 | D:6      | Noticed dobroeutro's ghost (novice GrFi)
  5849 | D:6      | Killed dobroeutro's ghost
  5915 | D:6      | Reached skill level 11 in Maces & Flails
  6188 | D:7      | Reached skill level 5 in Fighting
  6229 | D:7      | Reached skill level 5 in Armour
  6321 | D:7      | Reached skill level 5 in Shields
  6748 | D:7      | Found a blossoming altar of Fedhas.
  6859 | D:7      | Reached XP level 10. HP: 53/53 MP: 10/10
  7014 | D:7      | Found a staircase to the Ecumenical Temple.
  7167 | Temple   | Entered the Ecumenical Temple
  7663 | D:8      | Found a white marble altar of Elyvilon.
  7860 | D:8      | Noticed a gargoyle
  7878 | D:8      | Killed a gargoyle
  7977 | D:8      | Noticed a deep elf mage
  7977 | D:8      | Noticed a deep elf mage
  8046 | D:9      | Found a stormy altar of Qazlal.
  8472 | D:9      | Found an iron altar of Okawaru.
  8474 | D:9      | Found a snail-covered altar of Cheibriados.
  8481 | D:9      | Became a worshipper of Warmaster Okawaru
  9004 | D:9      | Found a roughly hewn altar of Beogh.
  9004 | D:9      | Found a staircase to the Orcish Mines.
  9055 | D:9      | Noticed Erolcha
  9064 | D:9      | Killed Erolcha
  9064 | D:9      | Reached * piety under Okawaru
  9082 | D:9      | Reached XP level 11. HP: 43/60 MP: 8/11
  9094 | D:9      | Reached skill level 12 in Maces & Flails
  9352 | D:9      | Reached ** piety under Okawaru
  9633 | D:9      | Reached skill level 5 in Dodging
  9825 | D:8      | Found a large runed door.
  9826 | D:8      | Found a large runed door.
  9838 | D:8      | Killed a deep elf mage
 10175 | D:8      | Killed a deep elf mage
 10348 | D:10     | Entered Level 10 of the Dungeon
 10359 | D:10     | Noticed a hill giant
 10372 | D:10     | Killed a hill giant
 10372 | D:10     | Reached *** piety under Okawaru
 10970 | D:11     | Noticed a cyclops
 10980 | D:11     | Killed a cyclops
 10980 | D:11     | Reached **** piety under Okawaru
 11067 | D:11     | Noticed a brown ugly thing
 11071 | D:11     | Found a staircase to the Lair.
 11099 | D:11     | Killed a brown ugly thing
 11396 | D:10     | Reached ***** piety under Okawaru
 11402 | D:10     | Reached XP level 12. HP: 52/67 MP: 12/12
 11438 | D:11     | Received a gift from Okawaru
 12287 | Lair:1   | Entered Level 1 of the Lair of Beasts
 12859 | Lair:1   | Identified a scroll of acquirement
 13165 | Lair:1   | Got a smoking chain mail
 13176 | Lair:1   | Identified the +1 chain mail "Satat" {rPois rC- rCorr Dex+8} (You found it on level 1 of the Lair of Beasts)
 13242 | Lair:2   | Reached skill level 13 in Maces & Flails
 13583 | Lair:2   | Received a gift from Okawaru
 13902 | Lair:2   | Reached skill level 10 in Fighting
 14417 | Lair:3   | Reached XP level 13. HP: 27/73 MP: 13/13
 14822 | Lair:3   | Found a staircase to the Snake Pit.
 14919 | Lair:3   | Reached skill level 10 in Armour
 15319 | Lair:3   | Found a staircase to the Swamp.
 15428 | Lair:4   | Got a faintly humming helmet
 15439 | Lair:4   | Identified the +0 helmet "Vyrul" {rPois rN+ Int+2 Stlth-} (You found it on level 4 of the Lair of Beasts)
 16520 | Lair:5   | Reached ****** piety under Okawaru
 16530 | Lair:5   | Received a gift from Okawaru
 17095 | Lair:6   | Entered Level 6 of the Lair of Beasts
 17311 | Lair:6   | Found a viscous altar of Jiyva.
 17311 | Lair:6   | Found a staircase to the Slime Pits.
 17525 | Lair:6   | Reached skill level 14 in Maces & Flails
 17675 | Lair:6   | Received a gift from Okawaru
 17678 | Lair:6   | Gained mutation: Your large and strong wings let you fly indefinitely. [Gargoyle growth]
 17678 | Lair:6   | Reached XP level 14. HP: 45/81 MP: 14/14
 17681 | Lair:6   | Got a crude dire flail {god gift}
 18475 | Lair:6   | Gained mutation: You have sharp fingernails. [mutagenic meat]
 18477 | Lair:6   | Gained mutation: You evolve. [mutagenic meat]
 18478 | Lair:6   | Lost mutation: You expend magic power (3 MP) to strengthen your wands. [mutagenic meat]
 18479 | Lair:6   | Gained mutation: You are covered in fur. (AC +1) [mutagenic meat]
 19020 | Lair:6   | Received a gift from Okawaru
 19452 | Lair:6   | Gained mutation: You have large cloven feet. [evolution]
 19946 | Lair:4   | Gained mutation: Your mind is acute. (Int +2) [potion of mutation]
 19946 | Lair:4   | Gained mutation: Your body sometimes deteriorates upon taking damage. [potion of mutation]
 20137 | Orc:1    | Entered Level 1 of the Orcish Mines
 20249 | Orc:1    | Noticed an orc warlord
 20251 | Orc:1    | Noticed namnharef's ghost (journeyman HEFE)
 20286 | Orc:1    | Killed an orc warlord
 20302 | Orc:1    | HP: 2/82 [orc priest/divine providence (17)]
 20303 | Orc:1    | Killed from afar by namnharef's ghost

Vault maps used:
D:1:      ncdulo_halloftheorcs
D:2:      serial_glass, glass_columns_b, glass_columns_b, item_on_display_a,
          kennysheep_doodads, uniq_iyjb, uniq_sigmund, uniq_natasha
D:3:      tso_altar, old_standard_altar, lemuel_blue_sif_altar
D:4:      black_bear_nest_2, first_bread, portal_sewer_entry_f,
          xom_confusion_cloud, uniq_pikel
D:5:      kennysheep_generic_room_11
D:6:      grunt_qazlal_clouds, uniq_blork_the_orc
D:7:      lemuel_round_altar
D:8:      basic_altar, the_bakery, jmf_multi_god_temple2
D:9:      gammafunk_temple_overflow_forgotten, david_orc_5, uniq_erolcha
D:11:     dpeg_lair_monsters, minmay_crystal_water
Temple:   nicolae_temple_great_sept
Lair:1:   infiniplex_staircase_pool_2
Lair:2:   grunt_megastairs_5
Lair:3:   nicolae_swamp_entry_splash_gauntlet, guppyfry_snake_entry_garden,
          grunt_forest_large_clearings, lemuel_fruit_tree
Lair:4:   grunt_forest_large_clearing_hut
Lair:5:   kennysheep_basilisk_garden, grunt_megastairs_1
Lair:6:   hangedman_lair_tendril_chambers, guppyfry_lair_end_dragon,
          slime_altar_1, wad_woods_04
Orc:1:    serial_shops, nicolae_shop_behind_doors
Sewer:    sewer_kobolds

Skill      XL: |  1  2  3  4  5  6  7  8  9 10 11 12 13 14 |
---------------+-------------------------------------------+-----
Maces & Flails | 3 4 5 6 7 9 10 11 12 13 14 | 14.4
Dodging        | 1 3 4 6 7 8 9 |  9.4
Fighting       | 5 7 8 10 11 12 | 12.3
Armour         | 5 6 8 9 11 12 | 12.1
Shields        | 5 6 8 |  8.2

Action                   |  1- 3 |  4- 6 |  7- 9 | 10-12 | 13-15 || total
-------------------------+-------+-------+-------+-------+-------++-------
Melee: Flail             |   107 |       |       |       |       ||   107
       Whip              |    47 |       |       |       |       ||    47
       Club              |       |   143 |   508 |  1116 |  1216 ||  2983
Invok: Heroism           |       |       |       |     1 |     6 ||     7
       Finesse           |       |       |       |       |     1 ||     1
Evoke: Wand              |       |       |       |     3 |     3 ||     6
  Use: Scroll            |       |     5 |     1 |    10 |    15 ||    31
       Potion            |       |       |     7 |     3 |     3 ||    13
 Stab: Held in net/web   |       |       |       |     1 |       ||     1
  Eat: Chunk             |       |     5 |    15 |    20 |    21 ||    61
       Bread ration      |       |       |     1 |     1 |       ||     2
       Beef jerky        |       |       |     1 |       |     1 ||     2
       Royal jelly       |       |       |       |       |     1 ||     1
Armor: Scale mail        |   108 |    65 |   210 |       |       ||   383
       Skin              |       |       |    22 |     1 |       ||    23
       Chain mail        |       |       |       |   308 |   431 ||   739
Dodge: Dodged            |    67 |    26 |   138 |   195 |   362 ||   788
Block: Shield            |    91 |    50 |   260 |   622 |   866 ||  1889
       Reflection        |       |       |     3 |    16 |     7 ||    26
